 Dungeon Crawl Stone Soup version 0.28-a0-843-gb979743d38 (webtiles) character file.

Game seed: 2911572122756405525

122 Iepvzaeh the Covered (level 4, 0/40 HPs)
             Began as a Minotaur Fighter on Nov 12, 2021.
             Slain by an orc (1 damage)
             ... on level 3 of the Dungeon.
             The game lasted 00:02:29 (2085 turns).

Iepvzaeh the Covered (Minotaur Fighter)             Turns: 2085, Time: 00:02:30

Health: 0/40       AC: 12    Str: 22    XL:     4   Next: 78%
Magic:  3/3        EV:  6    Int:  5    God:
Gold:   76         SH:  4    Dex:  9    Spells: 3/3 levels left

rFire   . . .      SeeInvis +   a - +0 war axe
rCold   . . .      Faith    .   c - +0 buckler
rNeg    . . .      Spirit   .   n - +0 plate armour
rPois   .          Reflect  .   (helmet restricted)
rElec   .          Harm     .   (no cloak)
rCorr   .          Rampage  .   (no gloves)
Will    .....                   (no boots)
Stlth   ..........              (no amulet)
HPRegen 0.13/turn               k - ring of see invisible
MPRegen 0.08/turn               (no ring)

@: no status effects
A: horns 2, retaliatory headbutt
a: no special abilities


You were on level 3 of the Dungeon.
You visited 1 branch of the dungeon, and saw 3 of its levels.

You collected 112 gold pieces.
You spent 36 gold pieces at shops.

Inventory:

Hand Weapons
 a - a +0 war axe (weapon)
Missiles
 e - 6 atropa-tipped darts (quivered)
Armour
 b - a +0 scale mail
 c - a +0 buckler (worn)
 n - a +0 plate armour (worn)
Jewellery
 k - a ring of see invisible (left hand)
Wands
 l - a wand of polymorph (8)
Scrolls
 h - a scroll of magic mapping {unknown}
 i - 2 scrolls of enchant weapon {unknown}
 m - a scroll of teleportation {unknown}
Potions
 d - a potion of might
 f - 5 potions of curing
 g - a potion of lignification {unknown}
 j - a potion of haste {unknown}
 o - a potion of ambrosia {unknown}


   Skills:
 + Level 4.2 Fighting
 + Level 4.0 Axes
 + Level 4.5 Armour
 + Level 0.8 Dodging
 + Level 4.4 Shields


You had 3 spell levels left.
You didn't know any spells.
Your spell library was empty.

Dungeon Overview and Level Annotations

Branches:
Dungeon (3/15)

Altars:

Shops:
D:1 !


Innate Abilities, Weirdness & Mutations

You have a pair of horns on your head.
You reflexively headbutt those who attack you in melee.


Message History

The orc priest barely misses you.
You barely miss the orc priest. You slash the orc!
You kill the orc!
The orc hits you but does no damage. You block the orc priest's attack.
You slash the orc priest!
The orc priest is severely wounded.
You hit the orc priest. The orc hits you but does no damage.
The orc priest hits you with a +0 mace. You block the orc priest's attack.
You slash the orc priest!
You kill the orc priest!
You closely miss the orc.
Your plate armour prevents you from hitting the orc priest.
The orc hits you but does no damage.
The orc priest calls down the wrath of Beogh upon you.
Pain shoots through your body! You block the orc's attack.
Your Axes skill increases to level 4!
You are too injured to fight recklessly!
Unknown command.
Unknown command.
You barely miss the orc priest. Your headbutt misses the orc priest.
The orc priest is moderately wounded.
You barely miss the orc. The orc priest hits you with a +0 mace!
* * * LOW HITPOINT WARNING * * *
You block the orc's attack. x2
The orc priest hits you but does no damage.
You closely miss the orc priest.
The orc priest is moderately wounded.
You closely miss the orc. The orc hits you but does no damage.
The orc hits you from afar with a +0 trident!
* * * LOW HITPOINT WARNING * * *
The orc priest hits you but does no damage.
The orc barely misses you. You furiously retaliate!
You headbutt the orc. You barely miss the orc priest.
Your headbutt misses the orc priest.
The orc priest is moderately wounded.
You slash the orc!
You kill the orc!
The orc hits you but does no damage.
The orc priest hits you but does no damage.
The orc hits you from afar with a +0 trident.
You die...

#.##................##.#
#
#..##..............##...
#
##..##............##..##
# ##..##..........##...
# ####..##........##..#
# .......####++####... #
................#.# #
.###..............## #
.# ######)......@)o# #
.# ...........>o.'.... #
.# ####..........#..## #
.# #..........<.... # .#
#............... # .#
#...........#.# # ##
####+###....#... #
###### ## #.## #.##


You could see an orc priest and an orc.

Vanquished Creatures
  An orc priest (D:3)
  3 adders
  3 worms
  A dart slug (D:3)
  2 orcs (D:3)
  7 bats
  7 endoplasms
  3 giant cockroaches
  4 goblins
  2 hobgoblins
  4 jackals (D:3)
  A quokka (D:1)
  5 ball pythons
  A frilled lizard (D:3)
  4 kobolds
  6 rats
54 creatures vanquished.

Notes
Turn   | Place    | Note
-------+----------+-------------------------------------------
     0 | D:1      | Iepvzaeh the Minotaur Fighter began the quest for the Orb.
     0 | D:1      | Reached XP level 1. HP: 19/19 MP: 0/0
    56 | D:1      | Found Soun's Distillery.
    66 | D:1      | Reached XP level 2. HP: 23/27 MP: 1/1
   493 | D:1      | Found a faded altar of an unknown god.
   668 | D:1      | Bought a potion of curing for 36 gold pieces
   838 | D:2      | Reached XP level 3. HP: 33/33 MP: 2/2
  1677 | D:3      | Reached XP level 4. HP: 40/40 MP: 3/3
  2084 | D:3      | HP: 1/40 [orc (7)]
  2085 | D:3      | Slain by an orc

Illustrated notes

Levels and vault maps discovered:
D:1:      elethiomel_arrival_maze, layout_basic,
          hellmonk_ecumenical_altar_leap_of_faith, serial_shops, shop
D:2:      layout_loops_ring
D:3:      kennysheep_big_flooded_room, layout_basic, uniq_crazy_yiuf_cottage

Skill      XL: |  1  2  3  4 |
---------------+-------------+-----
Shields        | 4 |  4.4
Armour         | 4 |  4.5
Fighting       | 4 |  4.2
Axes           | 3 4 |  4.0
Dodging        | |  0.8

Action                   |  1- 3 |  4- 6 || total
-------------------------+-------+-------++-------
Melee: War axe           |    83 |    23 ||   106
       Headbutt          |    11 |     2 ||    13
Armor: Scale mail        |    47 |       ||    47
       Plate armour      |     2 |    25 ||    27
Dodge: Dodged            |    45 |     6 ||    51
Block: Buckler           |    17 |     7 ||    24

Table legend: (Time is in decaauts)
 A = Elapsed time spent in this place.
 B = Non-inter-level travel time spent in this place.
 C = Inter-level travel time spent in this place.
 D = Time resting spent in this place.
 E = Time spent auto-exploring this place.
 F = Levels seen in this place.
 G = Mean time per level.
                   A        B        C        D        E       F      G
               +--------+--------+--------+--------+--------+-----+--------+
         Total |   2123 |   2016 |    107 |      0 |   1677 |   3 |  707.7 |
       Dungeon |   2123 |   2016 |    107 |      0 |   1677 |   3 |  707.7 |
               +--------+--------+--------+--------+--------+-----+--------+

Top non-repeatable levels by time:
     D:2: 776 daAuts
     D:3: 673 daAuts
     D:1: 672 daAuts
